 Dungeon Crawl Stone Soup version 0.28-a0-1087-gf3fc490d9d (webtiles) character file.

Game seed: 6181461799394657723

700 ytrimaz the Changer (level 7, -2/52 HPs)
             Began as an Octopode Transmuter on Dec 10, 2021.
             Slain by a wyvern skeleton (8 damage)
             ... on level 6 of the Dungeon.
             The game lasted 00:05:39 (6030 turns).

ytrimaz the Changer (Octopode Transmuter)           Turns: 6030, Time: 00:05:40

Health: -2/52      AC:  2    Str:  9    XL:     7   Next: 65%
Magic:  15/16      EV: 19    Int: 18    God:
Gold:   218        SH:  0    Dex: 17    Spells: 8/18 levels left

rFire   . . .      SeeInvis .     - Unarmed
rCold   . . .      Faith    .   (shield currently unavailable)
rNeg    . . .      Spirit   .   (helmet currently unavailable)
rPois   x          Reflect  .   (no amulet)
rElec   .          Harm     .   (no ring)
rCorr   .          Rampage  .   (no ring)
Will    .....                   (no ring)
Stlth   ++........              (no ring)
HPRegen 0.17/turn               (no ring)
MPRegen 0.15/turn               (no ring)
                                (no ring)
                                (no ring)

@: spider-form
A: venomous fangs, almost no armour, (amphibious), 8 rings, tiny, (camouflage
1), (gelatinous body 1), (nimble swimmer 1), (tentacles)
a: End Transformation


You were on level 6 of the Dungeon.
You were a venomous arachnid creature.
You visited 1 branch of the dungeon, and saw 6 of its levels.

You collected 218 gold pieces.

Inventory:

Missiles
 k - a throwing net
Wands
 e - a wand of mindburst (13)
Scrolls
 a - a scroll of blinking
 f - a scroll of magic mapping
 i - a scroll of enchant weapon
 j - a scroll of holy word
Potions
 b - 2 potions of heal wounds
 c - a potion of curing
 d - a potion of attraction {unknown}
 g - a potion of mutation {unknown}
 h - a potion of resistance {unknown}
 l - a potion of brilliance {unknown}


   Skills:
 * Level 6.1 Fighting
 * Level 2.5 Dodging
 + Level 6.1 Unarmed Combat
 * Level 6.2 Spellcasting
 * Level 6.5 Transmutations
 - Level 4.5 Poison Magic


You had 8 spell levels left.
You knew the following spells:

 Your Spells              Type           Power      Damage    Failure   Level
a - Beastly Appendage     Tmut           58%        N/A       4%          1
b - Wereblood             Tmut           29%        N/A       6%          2
c - Spider Form           Tmut/Pois      25%        N/A       12%         3
d - Ice Form              Ice/Tmut       17%        N/A       52%         4

Your spell library contained the following spells:

 Spells                   Type           Power      Damage    Failure   Level
 Magic Dart               Conj           20%        1d4       28%         1
 Call Imp                 Summ           5%         N/A       38%         2
 Mephitic Cloud           Conj/Pois/Air  10%        N/A       38%         3
 Ozocubu's Armour         Ice            5%         N/A       56%         3
 Ozocubu's Refrigeration  Ice            2%         4d5       100%        7


Dungeon Overview and Level Annotations

Branches:
Dungeon (6/15)
 Temple: D:4-7

Altars:
Elyvilon
Trog

Shops:
D:1 :   D:6 (

Annotations:
D:3 Grinder
D:6 Sigmund


Innate Abilities, Weirdness & Mutations

You are a venomous arachnid creature.
You have poisonous fangs.
You are tiny and dextrous.
Your spellcasting is less reliable in this form.
Your armour is entirely melded.
You are incapable of wielding weapons or throwing items.
You cannot wear most types of armour.
((You are amphibious.))
You can wear up to eight rings at the same time.
((Your skin changes colour to match your surroundings (Stealth+).))
((Your rubbery body absorbs attacks. (AC +1, EV +1)))
((You are camouflaged near water. (Stealth+)))
((You have tentacles for arms and can constrict up to eight enemies at once.))


Message History

You hit the wyvern skeleton.
The wyvern skeleton is moderately damaged.
Unknown command.
You hit the jelly.
The jelly looks as sick as possible!
Your front legs burn!
The jelly is heavily wounded.
Unknown command.
You bite the jelly!
You kill the jelly!
Unknown command.
You hit the centaur skeleton.
The centaur skeleton is lightly damaged.
The centaur skeleton closely misses you. x2
You bite the centaur skeleton!
The centaur skeleton is heavily damaged.
The centaur skeleton closely misses you. x2
You hit the centaur skeleton but do no damage.
The centaur skeleton is heavily damaged.
The centaur skeleton hits you. The centaur skeleton barely misses you.
You bite the centaur skeleton!
The centaur skeleton is almost destroyed.
The centaur skeleton hits you. The centaur skeleton kicks you.
You are too injured to fight recklessly!
You bite the centaur skeleton!
You destroy the centaur skeleton!
The wyvern skeleton completely misses you.
You are too injured to fight recklessly!
You hit the wyvern skeleton.
The wyvern skeleton is heavily damaged.
The wyvern skeleton completely misses you.
You hit the wyvern skeleton.
The wyvern skeleton is heavily damaged.
The wyvern skeleton bites you!
* * * LOW HITPOINT WARNING * * *
You are too injured to fight recklessly!
You hit the wyvern skeleton.
The wyvern skeleton is severely damaged.
The wyvern skeleton closely misses you.
Unknown command.
The wyvern skeleton bites you!
You die... ##+# ...# #..# ZZ.

# #.. #o. .#
###########.##
#......#.....
#......#.....#
#..##..#..#..#
#..##..#.....#
###....sZZ.....#
#........#######
######.########
#...........#
#...[.......####
.
#...........'..#
.
#...........##.#
..
#...........##.#
...
#...........##.#
#####...


You could see a wyvern skeleton and a howler monkey skeleton.

Vanquished Creatures
  A necrophage (D:6)
  A howler monkey (D:5)
  A jelly (D:6)
  2 orc priests (D:4)
  A bullfrog skeleton (D:4)
  4 centaur skeletons
  A hound (D:2)
  A killer bee zombie (D:5)
  A hound skeleton (D:4)
  A hound zombie (D:5)
  9 adders
  2 worms
  12 orcs
  8 endoplasms
  7 hobgoblins
  5 jackals (D:3)
  3 quokkas
  3 training dummies (D:6)
  6 ball pythons
  5 bats
  3 frilled lizards
  5 goblins
  5 kobolds (D:4)
  4 rats
91 creatures vanquished.

Vanquished Creatures (others)
  2 plants (D:4)
2 creatures vanquished.

Grand Total: 93 creatures vanquished

Notes
Turn   | Place    | Note
-------+----------+-------------------------------------------
     0 | D:1      | ytrimaz the Octopode Transmuter began the quest for the
                  | Orb.
     0 | D:1      | Reached XP level 1. HP: 13/13 MP: 3/3
   387 | D:1      | Found a faded altar of an unknown god.
   504 | D:1      | Reached XP level 2. HP: 5/18 MP: 5/5
   787 | D:1      | Learned a level 2 spell: Wereblood
  1146 | D:1      | Found Eriopo's Book Shop.
  1488 | D:2      | Reached XP level 3. HP: 21/23 MP: 3/6
  1492 | D:2      | Learned a level 3 spell: Spider Form
  2030 | D:2      | Reached XP level 4. HP: 25/29 MP: 2/8
  3365 | D:3      | Noticed Grinder
  3548 | D:3      | Reached skill level 5 in Fighting
  3548 | D:3      | Reached skill level 5 in Unarmed Combat
  3548 | D:3      | Reached skill level 5 in Spellcasting
  3548 | D:3      | Reached XP level 5. HP: 41/41 MP: 9/13
  3669 | D:4      | Reached XP level 6. HP: 42/46 MP: 11/14
  4590 | D:5      | Entered Level 5 of the Dungeon
  4626 | D:5      | Found a white marble altar of Elyvilon.
  4868 | D:5      | Found a bloodstained altar of Trog.
  5155 | D:5      | Reached XP level 7. HP: 39/52 MP: 16/16
  5160 | D:5      | Learned a level 4 spell: Ice Form
  5805 | D:6      | Found Ysse's Firing Range.
  5895 | D:6      | Noticed Sigmund
  5985 | D:6      | Noticed a boulder beetle
  6030 | D:6      | Slain by a wyvern skeleton

Illustrated notes

Levels and vault maps discovered:
D:1:      elethiomel_arrival_quiet, layout_basic,
          dreamdust_ecumenical_altar_grove, serial_shops,
          nicolae_shop_hallway_plus, serial_park_tiny_1
D:2:      layout_basic, nrook_campfire
D:3:      layout_rooms, mainiacjoe_overflow_alcove_3,
          hangedman_decor_diamond_cutter, uniq_grinder
D:4:      layout_cave_pools, minivault_1, guppyfry_early_lair_pool
D:5:      layout_loops_corners, elyvilon_altar_4,
          mainiacjoe_overflow_concentric_impassable, nicolae_zen_rock_garden
D:6:      minmay_clustersquares, layout_basic, minmay_temple_entry_fiery,
          nicolae_shop_firing_range, uniq_sigmund

Skill      XL: |  1  2  3  4  5  6  7 |
---------------+----------------------+-----
Spellcasting   | 5 6 |  6.2
Fighting       | 5 6 |  6.1
Unarmed Combat | 5 6 |  6.1
Transmutations | 6 |  6.5
Poison Magic   | 4 |  4.5
Dodging        | |  2.5

Action                   |  1- 3 |  4- 6 |  7- 9 || total
-------------------------+-------+-------+-------++-------
Melee: Unarmed           |    58 |   145 |    60 ||   263
       Constrict         |    15 |    25 |     3 ||    43
       Tentacles         |    10 |    16 |     4 ||    30
       Kick              |     2 |     3 |       ||     5
       Punch             |     1 |     4 |       ||     5
 Cast: Beastly Appendage |     3 |     5 |       ||     8
       Wereblood         |     1 |       |       ||     1
       Spider Form       |     1 |    11 |     4 ||    16
  Use: Scroll            |     4 |     6 |     1 ||    11
       Potion            |     1 |     1 |       ||     2
 Stab: Sleeping          |    10 |     5 |     2 ||    17
Armor: Skin              |     4 |    19 |     3 ||    26
Dodge: Dodged            |    30 |   120 |    41 ||   191

Table legend: (Time is in decaauts)
 A = Elapsed time spent in this place.
 B = Non-inter-level travel time spent in this place.
 C = Inter-level travel time spent in this place.
 D = Time resting spent in this place.
 E = Time spent auto-exploring this place.
 F = Levels seen in this place.
 G = Mean time per level.
                   A        B        C        D        E       F      G
               +--------+--------+--------+--------+--------+-----+--------+
         Total |   6004 |   5926 |     78 |    100 |   5029 |   6 | 1000.7 |
       Dungeon |   6004 |   5926 |     78 |    100 |   5029 |   6 | 1000.7 |
               +--------+--------+--------+--------+--------+-----+--------+

Top non-repeatable levels by time:
     D:1: 1468 daAuts
     D:2: 1252 daAuts
     D:5: 1192 daAuts
     D:4: 970 daAuts
     D:3: 883 daAuts
     D:6: 237 daAuts
